 Dungeon Crawl Stone Soup version 0.31-a0-221-gbddc013574 (webtiles) character file.

Game seed: 9928265915962920542

865 qw the Skirmisher (level 7, -4/61 HPs)
             Began as a Minotaur Hexslinger on July 3, 2023.
             Was an Initiate of Okawaru.
             Slain by Maggie
             ... wielding a +1 halberd of pain
              (11 damage)
             ... on level 6 of the Dungeon.
             The game lasted 00:01:50 (4258 turns).

qw the Skirmisher (Minotaur Hexslinger)             Turns: 4258, Time: 00:01:51

Health: -4/61      AC:  4    Str: 13    XL:     7   Next: 72%
Magic:  7/7        EV: 13    Int: 10    God:    Okawaru [......]
Gold:   284        SH:  0    Dex: 14    Spells: 7/8 levels left

rFire   + + .        Y - +2 sling
rCold   + . .        (no shield)
rNeg    . . .        k - +2 robe {rC+ rF+}
rPois   .            (helmet restricted)
rElec   .            (no cloak)
rCorr   .            (no gloves)
SInv    .            (no boots)
Will    .....        (no amulet)
Stlth   +            c - ring of protection from fire
HPRegen 0.30/turn    (no ring)
MPRegen 0.10/turn

%: no passive effects
@: mesmerised
A: horns 2, retaliatory headbutt
a: Renounce Religion


You were on level 6 of the Dungeon.
You worshipped Okawaru.
Okawaru was noncommittal.
You visited 2 branches of the dungeon, and saw 7 of its levels.

You collected 284 gold pieces.


Innate Abilities, Weirdness & Mutations

You have a pair of horns on your head.
You reflexively headbutt those who attack you in melee.


   Skills:
 - Level 5.1 Fighting
 + Level 8.0 Ranged Weapons
 - Level 1.0 Armour
 - Level 3.8 Dodging
 - Level 1.0 Spellcasting
 - Level 2.0 Hexes


You had 7 spell levels left.
You knew the following spells:

 Your Spells              Type           Power      Damage    Failure   Level
a - Slow                  Hex            16%        N/A       16%         1

Your spell library contained the following spells:

 Spells                   Type           Power      Damage    Failure   Level
 Inner Flame              Hex/Fire       2%         N/A       56%         3
 Portal Projectile        Hex/Tloc       4%         N/A       56%         3
 Cause Fear               Hex            2%         N/A       83%         4

Inventory:

Hand Weapons
 Y - a +2 sling (weapon)
Armour
 k - a +2 robe of resistance (worn)
Jewellery
 c - a ring of protection from fire (left hand)
 f - a ring of fire
Wands
 a - a wand of digging (9)
Scrolls
 g - a scroll of identify
Potions
 b - a potion of cancellation
 e - a potion of haste
 i - a potion of curing
 j - a potion of attraction {unknown}

Dungeon Overview and Level Annotations

Branches:
Dungeon (6/15)             Temple (1/1) D:4

Altars:
Ashenzari
Cheibriados
Dithmenos
Fedhas
Gozag
Hepliaklqana
Kikubaaqudgha
Makhleb
Nemelex Xobeh
Okawaru
Ru
Sif Muna
Uskayaw
Wu Jian
Xom
Yredelemnul
Zin
The Shining One

Shops:
D:5 [

Annotations:
D:2 1 runed translucent door, Crazy Yiuf
D:6 Maggie


Message History

You shoot a sling bullet. The sling bullet barely misses Maggie.
You shoot a sling bullet. The sling bullet hits Maggie.
Maggie is lightly wounded.
Maggie completely misses you.
You shoot a sling bullet. The sling bullet hits Maggie.
Maggie is moderately wounded.
Maggie hits you from afar with a +1 halberd of pain!
You writhe in agony.
4245 ||| DRINKING potion of heal wounds.
You feel much better.
You feel like a meek peon again.
Maggie hits you from afar with a +1 halberd of pain.
You writhe in agony.
You shoot a sling bullet.
The sling bullet hits Maggie but does no damage.
Maggie is moderately wounded.
Maggie hits you from afar with a +1 halberd of pain!
You shoot a sling bullet. The sling bullet closely misses Maggie.
Maggie points at you and mumbles some strange words.
The bolt of fire misses you.
You shoot a sling bullet. The sling bullet barely misses Maggie.
You break out of your daze.
Maggie smiles, but it's obviously fake.
Maggie hits you from afar with a +1 halberd of pain.
You writhe in agony.
Maggie casts a spell.
Maggie attempts to bespell you! You resist.
Maggie casts a spell.
Maggie attempts to bespell you!
You are mesmerised by Maggie!
4255 ||| Waiting to end mesmerise (stuck).
You shoot a sling bullet. The sling bullet closely misses Maggie.
You shoot a sling bullet. The sling bullet hits Maggie.
Maggie is moderately wounded.
Maggie hits you from afar with a +1 halberd of pain!
You writhe in agony.
You shoot a sling bullet. The sling bullet hits Maggie.
Maggie is moderately wounded.
Maggie hits you from afar with a +1 halberd of pain!
You die...

. #..######
#......###
##..>.)<.##
########.## ##.##
#..# #..#######
###..#
.........######@...#
.............@.....#
########...........#
###.....###.#
####### #.# ###


You could see Maggie (mesmerising).

Vanquished Creatures
  Sigmund (D:2)
  An ogre (D:6)
  3 scorpions (D:5)
  A hound (D:4)
  3 orc priests
  Jessica (D:2)
  Natasha (twice) (D:4)
  An iguana (D:5)
  An orc wizard (D:5)
  Robin (D:4)
  3 gnolls (D:5)
  3 adders
  A shadow imp (D:5)
  A white imp (D:5)
  A worm (D:4)
  4 dart slugs
  7 orcs
  8 ball pythons
  9 endoplasms
  5 giant cockroaches
  14 goblins
  6 hobgoblins
  6 jackals (D:4)
  4 quokkas
  9 bats
  3 frilled lizards
  8 kobolds
  6 rats
113 creatures vanquished.

Notes
Turn   | Place    | Note
-------+----------+-------------------------------------------
     0 | D:1      | qw the Minotaur Hexslinger began the quest for the Orb.
     0 | D:1      | Reached XP level 1. HP: 16/16 MP: 1/1
     0 | D:1      | 0 ||| qw: Version: 0.3-a-40-ge99b1a8
     0 | D:1      | 0 ||| qw: Game counter: 515
     0 | D:1      | 0 ||| qw: Melee chars always use a shield: true
     0 | D:1      | 0 ||| qw: God list: Okawaru
     0 | D:1      | 0 ||| qw: Allow faded altars: false
     0 | D:1      | 0 ||| qw: Do Orc after clearing Dungeon:15 true
     0 | D:1      | 0 ||| qw: Do second Lair branch before Depths: true
     0 | D:1      | 0 ||| qw: Lair rune preference: random
     0 | D:1      | 0 ||| qw: Goals: Normal
     0 | D:1      | 0 ||| PLANNING D:1-11
   115 | D:1      | Reached skill level 3 in Ranged Weapons
   131 | D:1      | Reached XP level 2. HP: 23/23 MP: 2/2
   408 | D:1      | Reached XP level 3. HP: 29/29 MP: 3/3
   717 | D:1      | 717 ||| FLEEEEING.
   866 | D:1      | 866 ||| UPGRADING to +0 ring mail.
   876 | D:1      | 876 ||| DROPPING +0 robe.
   877 | D:1      | 877 ||| READING scroll labelled KYIKIPP GIEP.
   878 | D:1      | 878 ||| READING scroll labelled FUJ WIOCVU.
   879 | D:1      | 879 ||| DROPPING scroll of poison.
   987 | D:2      | Noticed Sigmund
   995 | D:2      | Killed Sigmund
   996 | D:2      | Reached skill level 6 in Ranged Weapons
   996 | D:2      | Reached XP level 4. HP: 34/36 MP: 4/4
   996 | D:2      | Reached XP level 5. HP: 39/41 MP: 5/5
  1345 | D:2      | Found a runed translucent door.
  1346 | D:2      | Noticed Crazy Yiuf
  1503 | D:2      | Reached skill level 1 in Armour
  1526 | D:2      | Found a faded altar of an unknown god.
  1692 | D:2      | Noticed Jessica
  1702 | D:2      | Killed Jessica
  1869 | D:2      | 1869 ||| UPGRADING to +2 robe of resistance.
  1879 | D:2      | 1879 ||| DROPPING +0 ring mail.
  1880 | D:2      | 1880 ||| UPGRADING to ring of protection from fire.
  1881 | D:2      | 1881 ||| READING scroll labelled LUENEVVINE.
  1882 | D:2      | 1882 ||| READING 2 scrolls labelled SUW PENNORHAO.
  1883 | D:2      | 1883 ||| DRINKING 2 bubbling puce potions.
  1884 | D:2      | 1884 ||| READING 2 scrolls of identify.
  1884 | D:2      | 1884 ||| IDENTIFYING metallic pink potion
  1885 | D:2      | 1885 ||| DROPPING scroll of fear.
  1930 | D:3      | Reached skill level 3 in Fighting
  1987 | D:3      | Found a hazy altar of Hepliaklqana.
  2019 | D:3      | 2019 ||| READING scroll labelled WEMESTRINAU.
  2344 | D:3      | 2344 ||| READING scroll labelled NYNINL JIUVAO.
  2391 | D:4      | Reached XP level 6. HP: 46/51 MP: 6/6
  2684 | D:4      | Noticed Natasha
  2688 | D:4      | Killed Natasha
  2766 | D:4      | Noticed Natasha
  2770 | D:4      | Killed Natasha
  2844 | D:4      | Noticed Robin
  2846 | D:4      | 2846 ||| Stepping ~*~*~tactically~*~*~ (outnumbered).
  2848 | D:4      | 2848 ||| Stepping ~*~*~tactically~*~*~ (outnumbered).
  2850 | D:4      | 2850 ||| Stepping ~*~*~tactically~*~*~ (outnumbered).
  2860 | D:4      | Killed Robin
  2863 | D:4      | 2863 ||| FLEEEEING.
  2864 | D:4      | 2864 ||| Stepping ~*~*~tactically~*~*~ (outnumbered).
  2880 | D:4      | 2880 ||| FLEEEEING.
  2947 | D:4      | Found a staircase to the Ecumenical Temple.
  2948 | D:4      | 2948 ||| PLANNING TEMPLE
  2948 | D:4      | 2948 ||| DRINKING 2 black potions.
  2949 | D:4      | 2949 ||| READING 3 scrolls of identify.
  2949 | D:4      | 2949 ||| IDENTIFYING gluggy clear potion
  2950 | D:4      | 2950 ||| READING 2 scrolls of identify.
  2950 | D:4      | 2950 ||| IDENTIFYING brown potion
  2951 | D:4      | 2951 ||| DROPPING potion of lignification.
  2952 | D:4      | 2952 ||| DROPPING potion of berserk rage.
  2961 | Temple   | Entered the Ecumenical Temple
  3042 | Temple   | 3042 ||| PLANNING OKAWARU WORSHIP
  3111 | Temple   | Became a worshipper of Warmaster Okawaru
  3112 | Temple   | 3112 ||| PLANNING D:1-11
  3246 | D:4      | 3246 ||| READING scroll labelled OFRYHE LINOTS.
  3263 | D:5      | Entered Level 5 of the Dungeon
  3264 | D:5      | 3264 ||| PLANNING SEWER
  3285 | D:5      | Reached skill level 7 in Ranged Weapons
  3303 | D:5      | Reached XP level 7. HP: 57/59 MP: 7/7
  3442 | D:5      | HP: 13/59 [scorpion (2)]
  3443 | D:5      | 3443 ||| DRINKING 2 potions of heal wounds.
  3572 | D:5      | Found Doeneusu's Armour Boutique.
  3778 | D:5      | 3778 ||| Stepping ~*~*~tactically~*~*~ (outnumbered).
  3788 | D:5      | Reached skill level 8 in Ranged Weapons
  4057 | D:5      | 4057 ||| RIP SEWER
  4102 | D:5      | Found a sacrificial altar of Ru.
  4103 | D:5      | 4103 ||| PLANNING D:1-11
  4173 | D:5      | 4173 ||| READING 2 scrolls of identify.
  4173 | D:5      | 4173 ||| IDENTIFYING murky grey potion
  4194 | D:6      | Reached * piety under Okawaru
  4195 | D:6      | Reached skill level 3 in Dodging
  4221 | D:6      | Noticed Maggie
  4234 | D:6      | 4234 ||| INVOKING Heroism.
  4241 | D:6      | 4241 ||| Waiting to end mesmerise (stuck).
  4244 | D:6      | HP: 15/61 [Maggie/+1 halberd of pain (1)]
  4245 | D:6      | 4245 ||| DRINKING potion of heal wounds.
  4255 | D:6      | 4255 ||| Waiting to end mesmerise (stuck).
  4257 | D:6      | HP: 9/61 [Maggie/+1 halberd of pain (17)]
  4258 | D:6      | Slain by Maggie

Levels and vault maps discovered:
D:1:      dpeg_arrival_boxorama, layout_loops_ring
D:2:      layout_basic, shapermc_ecumenical_altar_flowoftime,
          minmay_split_cup_large, uniq_sigmund, uniq_crazy_yiuf_cottage,
          uniq_jessica
D:3:      layout_basic, mainiacjoe_overflow_chevrons
D:4:      layout_basic, minmay_temple_entry_grid, uniq_robin, uniq_natasha
D:5:      layout_gridville, nicolae_ru_great_annihilating_truth,
          portal_sewer_entry_d, serial_shops, nicolae_square_shop
D:6:      lemuel_castle_with_subvaults [lemuel_castle_interior_carwin_3],
          layout_layer_cave, elyvilon_altar_4, serial_shops,
          nicolae_shop_tiny_statue_garden, nicolae_shop_rolling_square, shop,
          uniq_maggie
Temple:   nicolae_temple_elliptical

Skill      XL: |  1  2  3  4  5  6  7 |
---------------+----------------------+-----
Ranged Weapons | 3 6 7 8 |  8.0
Fighting       | 2 3 4 5 |  5.1
Armour         | 1 |  1.0
Dodging        | 3 |  3.8
Spellcasting   | |  1.0
Hexes          | |  2.0

Action                     |  1- 3 |  4- 6 |  7- 9 || total
---------------------------+-------+-------+-------++-------
   Fire: Sling             |    99 |   203 |   102 ||   404
 Invoke: Heroism           |       |       |     1 ||     1
    Use: Scroll            |     2 |     8 |     1 ||    11
         Potion            |       |     2 |     2 ||     4
 Armour: Robe              |     9 |    13 |     8 ||    30
         Ring mail         |     1 |    12 |       ||    13
  Dodge: Dodged            |    28 |    65 |    29 ||   122

Table legend:
 A = Non-vault XP
 B = Vault XP
 C = Vault XP percentage of total XP
 D = Non-vault monster count
 E = Vault monster count
 F = Vault count percentage of total count
                 A         B        C        D         E       F
            +---------+---------+-------+---------+---------+-------
      Total |     836 |     400 |  32.4 |      90 |      23 |  20.4
            +---------+---------+-------+---------+---------+-------
        D:1 |      55 |       0 |   0.0 |      30 |       0 |   0.0
        D:2 |      18 |     274 |  93.8 |       9 |       6 |  40.0
        D:3 |      32 |       0 |   0.0 |      11 |       0 |   0.0
        D:4 |     164 |      72 |  30.5 |      24 |      12 |  33.3
        D:5 |     451 |      54 |  10.7 |      15 |       5 |  25.0
        D:6 |     116 |       0 |   0.0 |       1 |       0 |   0.0
            +---------+---------+-------+---------+---------+-------
